 Dungeon Crawl Stone Soup version 0.27.1-3-gb3d3a73c9e (webtiles) character file.

Game seed: 7243369092273092151

874 horus123 the Slasher (level 8, 0/58 HPs)
             Began as a Human Gladiator on Oct 30, 2021.
             Was a Follower of Ashenzari.
             Killed from afar by Maggie (16 damage)
             ... with a bolt of fire
             ... on level 6 of the Dungeon.
             The game lasted 00:14:28 (5973 turns).

horus123 the Slasher (Human Gladiator)              Turns: 5973, Time: 00:14:28

Health: 0/58       AC:  8    Str: 14    XL:     8   Next: 24%
Magic:  12/12      EV: 13    Int: 11    God:    Ashenzari [*.....]
Gold:   257        SH:  0    Dex: 15    Spells: 4/13 levels left

rFire    . . .     SeeInvis .   a - +2 long sword (spect)
rCold    . . .     Faith    .   (no shield)
rNeg     . . .     Spirit   .   l - +2 animal skin
rPois    .         Reflect  .   c - +1 helmet of the Fated Scepticism {Elem, Range} (curse)
rElec    .         Harm     .   (no cloak)
rCorr    .         Rampage  .   j - +0 pair of gloves "Circumscribed With Me" {Elem, Melee} (curse)
Will     .....                  f - +0 pair of boots
Stlth    ++........             (no amulet)
HPRegen  0.19/turn              (no ring)
MPRegen  0.13/turn              (no ring)

@: mesmerised
A: no striking features
a: Renounce Religion, Shatter the Chains


You were on level 6 of the Dungeon.
You worshipped Ashenzari.
Ashenzari was aware of your devotion.
You visited 1 branch of the dungeon, and saw 6 of its levels.

You collected 257 gold pieces.

Inventory:

Hand Weapons
 a - a +2 spectral long sword (weapon)
 o - a +2 vorpal long sword
Missiles
 d - 2 throwing nets (quivered)
Armour
 b - a +0 leather armour
 c - the cursed +1 helmet of the Fated Scepticism (worn) {Elem, Range}

   It has a curse which improves the following skills: Elements: Fire Magic, Ice
   Magic, Air Magic and Earth Magic.
   Ranged Combat: Slings, Bows, Crossbows and Throwing.
 f - a +0 pair of boots (worn)
 j - the cursed +0 pair of gloves "Circumscribed With Me" (worn) {Elem, Melee}
   (You found it on level 3 of the Dungeon)

   It has a curse which improves the following skills: Elements: Fire Magic, Ice
   Magic, Air Magic and Earth Magic.
   Melee Combat: Short Blades, Long Blades, Axes, Maces & Flails, Polearms,
   Staves and Unarmed Combat.
 l - a +2 animal skin (worn)
Wands
 q - a wand of iceblast (10)
 r - a wand of digging (4)
Scrolls
 g - 3 scrolls of vulnerability
 k - a scroll of fear
 n - a scroll of magic mapping
 p - a scroll of teleportation
Potions
 e - a potion of magic
 h - 4 potions of curing
 m - 2 potions of mutation


   Skills:
 + Level 3.1 Fighting
 + Level 5.6(6.6) Long Blades
 + Level 3.7(4.6) Throwing
 + Level 1.8 Armour
 + Level 4.1 Dodging
 + Level 1.2 Stealth
 * Level 3.0 Spellcasting
 * Level 2.5 Summonings
 + Level 0.3 Translocations


You had 4 spell levels left.
You knew the following spells:

 Your Spells              Type           Power      Damage    Failure   Level
a - Apportation           Tloc           4%         N/A       22%         1
b - Summon Small Mammal   Summ           28%        N/A       10%         1
c - Call Canine Familiar  Summ           7%         N/A       28%         3
d - Hailstorm             Conj/Ice       1%         3d3       94%         4

Your spell library contained the following spells:

 Spells                   Type           Power      Damage    Failure   Level
 Summon Guardian Golem    Hex/Summ       4%         N/A       43%         3
 Ice Form                 Ice/Tmut       1%         N/A       94%         4
 Simulacrum               Ice/Necr       0%         N/A       100%        6


Dungeon Overview and Level Annotations

Branches:
Dungeon (6/15)
 Temple: D:4-7

Altars:
Ashenzari

Annotations:
D:6 Maggie


Message History

Your Spellcasting skill increases to level 3!
Maggie the Vainglorious comes into view.
She is wielding a +0 scimitar and carrying a wand of flame (19).
You see here a scorpion corpse.
You throw a poisoned dart. The poisoned dart hits Maggie!
Maggie is poisoned.
Maggie casts a spell.
Maggie attempts to bespell you!
You are mesmerised by Maggie!
A hound comes into view.
Maggie hits you with a +0 scimitar.
You hit Maggie but do no damage.
Maggie is lightly wounded.
Your +2 spectral long sword hits Maggie.
Maggie closely misses you.
You closely miss Maggie.
Maggie is lightly wounded.
Your +2 spectral long sword closely misses Maggie.
The hound barks!
Maggie hits you but does no damage.
You hit Maggie.
Maggie is moderately wounded.
Your +2 spectral long sword hits Maggie!
Maggie hits you with a +0 scimitar!
You hit Maggie but do no damage.
Maggie is heavily wounded.
Your +2 spectral long sword closely misses Maggie.
Maggie hits you with a +0 scimitar! x2
You barely miss Maggie.
Maggie is heavily wounded.
Your +2 spectral long sword hits Maggie!
Maggie gestures at you while chanting. The bolt of fire hits you!!
* * * LOW HITPOINT WARNING * * *
The hound bites you.
* * * LOW HITPOINT WARNING * * *
You feel better. The hound misses you.
You riposte.
You hit the hound.
The hound is lightly wounded.
Your +2 spectral long sword barely misses the hound.
Maggie points at you and mumbles some strange words.
The bolt of fire hits you!
You die...

..........#.#............#..
..###.#...# ##.###.>.<......
##.....###..####...##..#
.........#..# ##.......#
#........!..###.........
#..........##....#....(.
#...............##.....#
#...(.§......##..#.)...#
#.....@@...†............
......h(..(.......#.....
..................#.....
....Z..............#....
..................##....
......(.(.........#.....
..............(.###...|.
..##............##......
##......[......##...


You could see Maggie (mesmerising, poisoned), a hound, a centaur skeleton and a
friendly +2 spectral long sword (summoned, wandering).

Vanquished Creatures
  Edmund (D:6)
  A black bear (D:6)
  A necrophage (D:3)
  A scorpion (D:6)
  A jelly (D:5)
  A hound (D:4)
  2 bullfrog skeletons
  A centaur skeleton (D:6)
  Jessica (D:3)
  2 iguanas
  An orc wizard (D:4)
  A hound skeleton (D:4)
  A howler monkey zombie (D:6)
  Robin (D:3)
  5 adders
  A howler monkey skeleton (D:3)
  A shadow imp (D:6)
  2 ufetubi
  3 dart slugs
  15 orcs
  4 bats
  9 endoplasms
  2 giant cockroaches
  14 goblins
  8 hobgoblins
  7 kobolds
  6 quokkas
  3 ball pythons
  6 frilled lizards
  6 rats
108 creatures vanquished.

Vanquished Creatures (collateral kills)
  A jelly (D:4)
  A bullfrog skeleton (D:4)
  A howler monkey skeleton (D:4)
  An orc (D:4)
4 creatures vanquished.

Grand Total: 112 creatures vanquished

Notes
Turn   | Place    | Note
-------+----------+-------------------------------------------
     0 | D:1      | horus123 the Human Gladiator began the quest for the Orb.
     0 | D:1      | Reached XP level 1. HP: 16/16 MP: 1/1
   124 | D:1      | Reached XP level 2. HP: 19/22 MP: 2/2
   776 | D:1      | Found a faded altar of an unknown god.
   784 | D:1      | Got Plato's Reference Book on the Traveller
   787 | D:1      | Learned a level 1 spell: Apportation
  1232 | D:2      | Reached XP level 3. HP: 14/27 MP: 3/3
  1905 | D:2      | Learned a level 1 spell: Summon Small Mammal
  2149 | D:2      | Reached XP level 4. HP: 33/33 MP: 5/5
  2437 | D:3      | Reached skill level 1 in Armour
  2437 | D:3      | Reached skill level 1 in Spellcasting
  2502 | D:3      | Noticed Jessica
  2507 | D:3      | Noticed a necrophage
  2520 | D:3      | Killed Jessica
  2521 | D:3      | Reached XP level 5. HP: 28/38 MP: 6/6
  2533 | D:3      | Killed a necrophage
  2534 | D:3      | Reached skill level 4 in Long Blades
  2845 | D:3      | Reached XP level 6. HP: 44/44 MP: 8/8
  3293 | D:3      | Noticed Robin
  3336 | D:3      | Killed Robin
  3885 | D:4      | Reached skill level 1 in Stealth
  4005 | D:4      | Reached XP level 7. HP: 50/51 MP: 8/10
  4308 | D:4      | Reached skill level 1 in Summonings
  4457 | D:4      | Found a broken altar of Ashenzari.
  4507 | D:4      | Reached skill level 5 in Long Blades
  4524 | D:4      | Became a worshipper of Ashenzari the Shackled
  4796 | D:5      | Entered Level 5 of the Dungeon
  4842 | D:5      | Learned a level 3 spell: Call Canine Familiar
  5562 | D:6      | Noticed Edmund
  5634 | D:6      | Learned a level 4 spell: Hailstorm
  5777 | D:6      | Killed Edmund
  5778 | D:6      | Reached XP level 8. HP: 32/58 MP: 12/12
  5938 | D:6      | Reached * piety under Ashenzari
  5962 | D:6      | Noticed Maggie
  5973 | D:6      | Killed from afar by Maggie

Illustrated notes

Levels and vault maps discovered:
D:1:      tarquinn_simple_flora_water_d, layout_rooms, serial_aquarium,
          aquarium_bridge_straight [aquarium_subvault_bridge,
          aquarium_subvault_balcony, aquarium_subvault_bridge,
          aquarium_subvault_window], aquarium_bridge_square
          [aquarium_subvault_bridge, aquarium_subvault_bridge,
          aquarium_subvault_window, aquarium_subvault_wall], aquarium_window_1,
          aquarium_window_fake, aquarium_window_2, aquarium_view_2c,
          aquarium_pool_four, shapermc_ecumenical_altar_rom_forum,
          supply_closet_lemuel, minmay_pentomino_w2
D:2:      layout_loops_ring, minmay_crystal_room
D:3:      layout_loops_ring, kennysheep_generic_room_7, uniq_crazy_yiuf_cottage,
          uniq_robin, uniq_jessica
D:4:      layout_basic, mainiacjoe_overflow_tiny_flanked
D:5:      layout_loops_ring, kennysheep_generic_room_13
D:6:      layout_cave_pools, mainiacjoe_overflow_alcove_1, uniq_edmund,
          uniq_maggie

Skill      XL: |  1  2  3  4  5  6  7  8 |
---------------+-------------------------+-----
Armour         | 1 |  1.8
Spellcasting   | 1 2 3 |  3.0
Long Blades    | 4 5 |  5.6
Throwing       | 3 |  3.7
Stealth        | 1 |  1.2
Summonings     | 2 |  2.5
Fighting       | 3 |  3.1
Dodging        | 4 |  4.1
Translocations | |  0.3

Action                   |  1- 3 |  4- 6 |  7- 9 || total
-------------------------+-------+-------+-------++-------
Melee: Long sword        |    65 |   139 |    79 ||   283
Throw: Dart              |    23 |    40 |    27 ||    90
       Throwing net      |       |       |     1 ||     1
 Cast: Apportation       |     4 |       |       ||     4
       Summon Small Mamm |       |     7 |    13 ||    20
Invok: Curse Item        |       |       |     2 ||     2
  Use: Scroll            |       |     7 |     2 ||     9
       Potion            |       |     2 |     1 ||     3
Armor: Leather armour    |    17 |    39 |       ||    56
       Animal skin       |       |    16 |    42 ||    58
Dodge: Dodged            |    41 |   117 |    76 ||   234
       Rpst.: Long sword |    14 |    30 |    25 ||    69
